 Dungeon Crawl Stone Soup version 0.28-a0-850-g09de17f5b5 (webtiles) character file.

Game seed: 11516887129986978686

50 Astera the Shield-Bearer (level 4, -5/35 HPs)
             Began as a Formicid Fighter on Nov 14, 2021.
             Was a Follower of Ru.
             Slain by Grinder (6 damage)
             ... on level 3 of the Dungeon.
             The game lasted 00:02:49 (1889 turns).

Astera the Shield-Bearer (Formicid Fighter)         Turns: 1889, Time: 00:02:49

Health: -5/35      AC:  7    Str: 22    XL:     4   Next: 4%
Magic:  4/4        EV:  9    Int:  7    God:    Ru [*.....]
Gold:   64         SH:  4    Dex: 10    Spells: 3/3 levels left

rFire   . . .      SeeInvis +   a - +0 quarterstaff
rCold   . . .      Faith    .   c - +0 buckler
rNeg    . . .      Spirit   .   b - +0 scale mail
rPois   .          Reflect  .   (helmet unavailable)
rElec   .          Harm     .   (no cloak)
rCorr   .          Rampage  .   (no gloves)
Will    .....                   (no boots)
Stlth   ..........              (no amulet)
HPRegen 0.11/turn               (no ring)
MPRegen 0.09/turn               (no ring)

@: no status effects
A: permanent stasis, dig shafts and tunnels, antennae 3, hated by all, four
strong arms
a: Dig, Shaft Self, Renounce Religion


You were on level 3 of the Dungeon.
You worshipped Ru.
Ru was aware of your devotion.
You visited 1 branch of the dungeon, and saw 3 of its levels.

You collected 64 gold pieces.

Inventory:

Hand Weapons
 a - a +0 quarterstaff (weapon)
Armour
 b - a +0 scale mail (worn)
 c - a +0 buckler (worn)
 k - a +0 plate armour
Jewellery
 h - a ring of protection from cold
Scrolls
 e - a scroll of vulnerability {unknown}
 f - 6 scrolls of identify {unknown}
 i - a scroll of enchant weapon {unknown}
 o - a scroll of fear {unknown}
Potions
 d - a potion of might
 g - a potion of invisibility {unknown}
 j - 2 potions of flight {unknown}
 l - 2 potions of curing {unknown}
 m - a potion of heal wounds {unknown}
 n - a potion of lignification {unknown}


   Skills:
 + Level 3.5 Fighting
 + Level 2.6 Staves
 + Level 3.8 Armour
 + Level 0.3 Stealth
 + Level 4.3 Shields


You had 3 spell levels left.
You didn't know any spells.
Your spell library contained the following spells:

 Spells                   Type           Power      Damage    Failure   Level
 Portal Projectile        Hex/Tloc       0%         N/A       98%         3
 Leda's Liquefaction      Hex/Erth       0%         N/A       100%        4
 Call Canine Familiar     Summ           Unusable   N/A       N/A         3

Dungeon Overview and Level Annotations

Branches:
Dungeon (3/15)

Altars:
Ru

Annotations:
D:3 Grinder


Innate Abilities, Weirdness & Mutations

You cannot be hasted, slowed, berserked, paralysed or teleported.
You can dig through walls and to a lower floor.
You have a pair of large antennae on your head. (SInv)
You are hated by all.
Your four strong arms can wield two-handed weapons with a shield.


Message History

Your scale mail prevents you from hitting Grinder.
Grinder is severely wounded.
Grinder hits you.
You writhe in agony.
You hit Grinder.
Grinder is severely wounded.
Grinder gestures at you. Pain shoots through your body!
Grinder gestures at you.
You barely resist. You barely miss Grinder.
Grinder is severely wounded.
Grinder closely misses you.
You closely miss Grinder.
Grinder is severely wounded.
Grinder closely misses you.
You hit Grinder.
Grinder is severely wounded.
Grinder gestures at you.
You barely resist. You barely miss Grinder.
Grinder is severely wounded.
Grinder gestures at you.
You barely resist. You closely miss Grinder.
Grinder is severely wounded.
Grinder gestures at you. Pain shoots through your body!
* * * LOW HITPOINT WARNING * * *
Grinder hits you.
* * * LOW HITPOINT WARNING * * *
You hit Grinder.
Grinder is severely wounded.
Grinder blinks!
Grinder hits you but does no damage.
You hit Grinder but do no damage.
Grinder is severely wounded.
Grinder hits you.
* * * LOW HITPOINT WARNING * * *
You writhe in agony.
You die...

#######...######.........#
##.............#..#.#....#
..................#.......
.#.............#.........#
#######...######..##.##..#
# #...# #..##.##..###
#...# #...........# #...#
#5###.#.#.#.# #### #...#
#@###.#.#†#.# #...
#.........#.# #.##
###..#..###.###.#
#####.###.........#
#......#......#####
#.####...###### ##.## #.#
#.#


You could see Grinder.

Vanquished Creatures
  An adder (D:2)
  A dart slug (D:1)
  A worm (D:2)
  4 endoplasms
  2 giant cockroaches
  2 goblins (D:2)
  4 hobgoblins
  2 quokkas
  A ball python (D:2)
  3 bats (D:1)
  3 frilled lizards
  A kobold (D:1)
  4 rats
29 creatures vanquished.

Vanquished Creatures (others)
  An adder (D:2)
1 creature vanquished.

Grand Total: 30 creatures vanquished

Notes
Turn   | Place    | Note
-------+----------+-------------------------------------------
     0 | D:1      | Astera the Formicid Fighter began the quest for the Orb.
     0 | D:1      | Reached XP level 1. HP: 18/18 MP: 1/1
   294 | D:1      | Reached XP level 2. HP: 24/24 MP: 2/2
   472 | D:1      | Reached skill level 4 in Shields
  1082 | D:2      | Found a faded altar of an unknown god.
  1132 | D:2      | Prayed at the altar of an unknown god.
  1132 | D:2      | Became a worshipper of Ru the Awakened
  1138 | D:2      | Gained mutation: You are hated by all. [Ru sacrifice]
  1138 | D:2      | Reached * piety under Ru
  1192 | D:2      | Reached XP level 3. HP: 25/29 MP: 3/3
  1555 | D:2      | Reached XP level 4. HP: 32/35 MP: 4/4
  1863 | D:3      | Noticed Grinder
  1889 | D:3      | HP: 1/35 [Grinder (1)]
  1889 | D:3      | Slain by Grinder

Illustrated notes

Levels and vault maps discovered:
D:1:      amcnicky_arrival_underground_garden, layout_basic, minmay_pentomino_s2
D:2:      layout_basic, ebering_ecumenical_altar_mist
D:3:      layout_loops_cross, solitary_fountain, uniq_grinder

Skill      XL: |  1  2 |
---------------+-------+-----
Shields        | 4 |  4.3
Fighting       | |  3.5
Staves         | |  2.6
Armour         | |  3.8
Stealth        | |  0.3

Action                   |  1- 3 |  4- 6 || total
-------------------------+-------+-------++-------
Melee: Quarterstaff      |    94 |    16 ||   110
Invok: Sacrifice Love    |     1 |       ||     1
Armor: Scale mail        |    37 |     3 ||    40
Dodge: Dodged            |    37 |     6 ||    43
Block: Buckler           |    22 |     1 ||    23

Table legend: (Time is in decaauts)
 A = Elapsed time spent in this place.
 B = Non-inter-level travel time spent in this place.
 C = Inter-level travel time spent in this place.
 D = Time resting spent in this place.
 E = Time spent auto-exploring this place.
 F = Levels seen in this place.
 G = Mean time per level.
                   A        B        C        D        E       F      G
               +--------+--------+--------+--------+--------+-----+--------+
         Total |   1908 |   1861 |     47 |      0 |   1539 |   3 |  636.0 |
       Dungeon |   1908 |   1861 |     47 |      0 |   1539 |   3 |  636.0 |
               +--------+--------+--------+--------+--------+-----+--------+

Top non-repeatable levels by time:
     D:1: 978 daAuts
     D:2: 736 daAuts
     D:3: 194 daAuts
